 Dungeon Sprint DCSS version 0.32-a0-876-gcfddb08e57 (webtiles) character file.

Game seed: 364245944103124736

5502 Conn the Destroyer (level 10, -3/68 HPs)
             Began as an Octopode Fire Elementalist on Apr 1, 2024.
             Was a High Priest of Sif Muna.
             Engulfed by a fire crab's flame (30 damage)
             ... in the Dungeon (Sprint VII: "The Pits").
             The game lasted 00:12:37 (1872 turns).

Conn the Destroyer (Octopode Fire Elementalist)     Turns: 1872, Time: 00:12:37

Health: -3/68      AC:  1    Str:  8    XL:     10   Next: 70%
Magic:  4/25       EV: 18    Int: 25    God:    Sif Muna [*****.]
Gold:   0          SH:  0    Dex: 12    Spells: 0/32 levels left

rFire   . . .        r - +4 quarterstaff (speed)
rCold   . . .        (shield currently unavailable)
rNeg    . . .        (helmet restricted)
rPois   .            (no amulet)
rElec   .            n - +3 ring of intelligence
rCorr   .            o - +3 ring of evasion
SInv    .            (no ring)
Will    .....        (no ring)
Stlth   +++          (no ring)
HPRegen 0.31/turn    (no ring)
MPRegen 0.19/turn    (no ring)
                     (no ring)

%: no teleportation
@: on berserk cooldown, slowed, very slow
A: almost no armour, amphibious, 8 rings, camouflage 1, gelatinous body 1,
(nimble swimmer 1), tentacles
a: Renounce Religion, Channel Magic, Forget Spell, Divine Exegesis


You were in the Dungeon.
You worshipped Sif Muna.
Sif Muna was extremely pleased with you.
You visited 1 branch

Inventory:

Hand Weapons
 g - a +2 falchion
 r - a +4 quarterstaff of speed (weapon)
Jewellery
 n - a +3 ring of intelligence (left tentacle)
 o - a +3 ring of evasion (right tentacle)
Wands
 l - a wand of flame (17)
Scrolls
 i - 2 scrolls of vulnerability
 j - 5 scrolls of amnesia
Potions
 a - 5 potions of magic
 b - 7 potions of curing
 c - 10 potions of heal wounds
 d - a potion of haste
 e - 3 potions of berserk rage
 h - a potion of invisibility
 p - a potion of brilliance
 q - a potion of resistance


   Skills:
 + Level 5.9 Fighting
 - Level 3.1 Long Blades
 + Level 4.6 Staves
 + Level 9.2 Dodging
 - Level 2.6 Stealth
 * Level 11.8 Spellcasting
 * Level 12.7 Conjurations
 - Level 5.0 Hexes
 + Level 9.4 Fire Magic
 + Level 3.4 Alchemy
 * Level 8.2 Invocations


You couldn't memorise any spells.
You knew the following spells:

 Your Spells              Type           Power      Damage    Failure   Level
a - Foxfire               Conj/Fire      100%       2x1d9     1%          1
b - Scorch                Fire           100%       2d9       1%          2
c - Inner Flame           Hex/Fire       50%        N/A       1%          3
d - Flame Wave            Conj/Fire      63%        2d15      1%          4
e - Sticky Flame          Fire/Alch      47%        2d9       2%          4
f - Starburst             Conj/Fire      31%        6d10      7%          6
g - Orb of Destruction    Conj           34%        9d10      19%         7
h - Fireball              Conj/Fire      31%        3d13      1%          5

Your spell library contained the following spells:

 Spells                   Type           Power      Damage    Failure   Level
 Searing Ray              Conj           100%       2d8       1%          2
 Volatile Blastmotes      Fire/Tloc      76%        2d16      1%          3
 Haunt                    Necr/Summ      7%         N/A       100%        7
 Fire Storm               Conj/Fire      31%        8d8       100%        9


Dungeon Overview and Level Annotations

Branches:
Dungeon (1/1)

Altars:
Ashenzari
Cheibriados
Dithmenos
Elyvilon
Fedhas
Gozag
Hepliaklqana
Kikubaaqudgha
Makhleb
Nemelex Xobeh
Okawaru
Qazlal
Ru
Sif Muna
Trog
Uskayaw
Vehumet
Wu Jian
Xom
Yredelemnul
Zin
The Shining One
Beogh
Jiyva
Lugonu


Innate Abilities, Weirdness & Mutations

You cannot wear most types of armour.
You are amphibious.
You can wear up to eight rings at the same time.
Your skin changes colour to match your surroundings (Stealth+).
Your rubbery body absorbs attacks. (AC +1, EV +1)
((You are camouflaged when in or above water. (Stealth+)))
You have tentacles for arms and can constrict up to eight enemies at once.


Message History

You kill your butterfly!
Your butterfly disappears in a burst of colours!
Something bites your butterfly.
Your butterfly dies!
Your butterfly disappears in a burst of colours!
Your butterfly is engulfed in blazing flames.
You kill your butterfly!
Your butterfly disappears in a burst of colours!
Casting: Scorch (safe; 1% risk of failure)
Confirm with . or Enter, or press ? or * to list all spells.
Okay, then.
Unknown command.
Unknown command.
Your butterfly is engulfed in blazing flames.
You kill your butterfly!
Your butterfly disappears in a burst of colours!
A red film seems to cover your vision as you go berserk!
You feel yourself moving faster!
You feel mighty! The fire crab breathes flames at you.
The blast of flame engulfs you.
You feel a strong urge to attack something.
You are engulfed in blazing flames.
The door flies open with a bang!
A hound and a sea snake come into view.
You are engulfed in blazing flames.
The hound barks!
The sea snake hisses angrily.
You feel your anger nearly subside.
You are no longer berserk.
You are exhausted.
You feel yourself slow down. The hound closely misses you.
There is an open door here.
Blink to where?
Press: ? - help, Dir - move target
As you read the scroll of blinking, it crumbles to dust.
Your butterfly is engulfed in blazing flames.
Your butterfly dies!
Your butterfly disappears in a burst of colours!
The fire crab breathes flames at you. The blast of flame engulfs you!
You close the door.
You are engulfed in blazing flames.
You die...

##................#
#####'#####''######
##.......##''##### ###########
##.......##......# #.........#
##.......##......# ##.......#
##...<...###..÷.## ####...###
##.......# ##'°## ###..)...+ #.
##.......###..÷°###....##+## ..
##.......##...°°@#..°.##...## ...
###########...°°°+°...S.....+....
###########...°°°#...t##...##..t.
....#..[[###....###.§.÷##+##.....
....#..[[# ##''## ###§÷'.b†'..#
....'..))###....## ####...####
....#...)##......# ##.......##
....#..))##......# #.b.......#
################## ###########


There were no monsters in sight!

Vanquished Creatures
  Erolcha (D)
  A deep troll (D)
  A shadow wraith (D)
  A black mamba (D)
  A red devil (D)
  A hellwing (D)
  A hornet (D)
  A glass eye (D)
  Prince Ribbit (D)
  4 blink frogs (D)
  A snapping turtle (D)
  A jumping spider (D)
  A shadow (D)
  A wyvern (D)
  2 vampire mosquitoes (D)
  Duvessa (D)
  A swamp drake (D)
  A wolf (D)
  A centaur (D)
  Blork the orc (D)
  A brain worm (D)
  2 kobold brigands (D)
  2 scorpions (D)
  Dowan (D)
  2 jellies (D)
  A gnoll (D)
  An adder (D)
  An ufetubus (D)
  A ribbon worm (D)
  A dart slug (D)
  A goblin (D)
  A quokka (D)
  A ball python (D)
  4 frilled lizards (D)
  A kobold (D)
  A quokka zombie (D)
  A rat (D)
47 creatures vanquished.

Vanquished Creatures (others)
  34 foxfires (D)
34 creatures vanquished.

Grand Total: 81 creatures vanquished

Notes
Turn   | Place    | Note
-------+----------+-------------------------------------------
     0 | D        | Conn the Octopode Fire Elementalist began the quest for the
                  | Orb.
     0 | D        | Reached XP level 1. HP: 11/11 MP: 3/3
     9 | D        | Noticed a glass eye
    22 | D        | Killed a glass eye
    23 | D        | Reached skill level 6 in Conjurations
    23 | D        | Reached skill level 5 in Fire Magic
    23 | D        | Reached XP level 2. HP: 17/17 MP: 1/9
    23 | D        | Reached XP level 3. HP: 21/21 MP: 1/10
    23 | D        | Reached XP level 4. HP: 27/27 MP: 1/12
    23 | D        | Reached XP level 5. HP: 31/31 MP: 1/13
    28 | D        | Found a bloodstained altar of Trog.
    28 | D        | Found a shimmering blue altar of Sif Muna.
    28 | D        | Found a viscous altar of Jiyva.
    28 | D        | Found a hazy altar of Hepliaklqana.
    28 | D        | Found an opulent altar of Gozag.
    29 | D        | Found a glowing golden altar of the Shining One.
    29 | D        | Found a glowing silver altar of Zin.
    29 | D        | Found a basalt altar of Yredelemnul.
    29 | D        | Found a shimmering altar of Xom.
    29 | D        | Found an ornate altar of the Wu Jian Council.
    29 | D        | Found a sacrificial altar of Ru.
    29 | D        | Found a stormy altar of Qazlal.
    29 | D        | Found an iron altar of Okawaru.
    29 | D        | Found a sparkling altar of Nemelex Xobeh.
    29 | D        | Found a burning altar of Makhleb.
    29 | D        | Found a blossoming altar of Fedhas.
    29 | D        | Found a white marble altar of Elyvilon.
    29 | D        | Found a shadowy altar of Dithmenos.
    29 | D        | Found a snail-covered altar of Cheibriados.
    30 | D        | Found a radiant altar of Vehumet.
    30 | D        | Found a corrupted altar of Lugonu.
    30 | D        | Found a roughly hewn altar of Beogh.
    31 | D        | Found an ancient bone altar of Kikubaaqudgha.
    31 | D        | Found a hide-covered altar of Uskayaw.
    31 | D        | Found a broken altar of Ashenzari.
    32 | D        | Became a worshipper of Sif Muna the Loreminder
   120 | D        | Learned a level 2 spell: Scorch
   124 | D        | Learned a level 3 spell: Inner Flame
   129 | D        | Learned a level 4 spell: Flame Wave
   164 | D        | Reached * piety under Sif Muna
   175 | D        | Reached ** piety under Sif Muna
   180 | D        | Reached skill level 5 in Dodging
   180 | D        | Reached skill level 7 in Conjurations
   180 | D        | Reached XP level 6. HP: 36/36 MP: 10/15
   180 | D        | Noticed Blork the orc
   243 | D        | Killed Blork the orc
   302 | D        | Reached skill level 8 in Conjurations
   307 | D        | Reached *** piety under Sif Muna
   415 | D        | Reached **** piety under Sif Muna
   418 | D        | Noticed a shadow
   422 | D        | Killed a shadow
   423 | D        | Reached skill level 9 in Conjurations
   423 | D        | Reached XP level 7. HP: 40/41 MP: 8/18
   439 | D        | Reached ***** piety under Sif Muna
   557 | D        | Noticed Duvessa
   557 | D        | Noticed Dowan
   557 | D        | Noticed Erolcha
   557 | D        | Noticed a jumping spider
   564 | D        | Killed Duvessa
   564 | D        | Killed a jumping spider
   564 | D        | Killed Dowan
   565 | D        | Reached skill level 1 in Fighting
   565 | D        | Reached skill level 1 in Long Blades
   565 | D        | Reached skill level 10 in Conjurations
   565 | D        | Reached skill level 1 in Hexes
   565 | D        | Reached skill level 1 in Invocations
   565 | D        | Reached XP level 8. HP: 48/48 MP: 8/21
   565 | D        | Killed Erolcha
   566 | D        | Reached skill level 10 in Spellcasting
   566 | D        | Reached XP level 9. HP: 56/56 MP: 6/23
   778 | D        | Noticed Prince Ribbit
   778 | D        | Noticed a hornet
   779 | D        | Noticed a black mamba
   781 | D        | Killed a hornet
   781 | D        | Received a gift from Sif Muna
   781 | D        | Killed Prince Ribbit
   782 | D        | Reached skill level 1 in Staves
   782 | D        | Reached skill level 11 in Conjurations
   786 | D        | Killed a black mamba
   787 | D        | Reached skill level 5 in Invocations
   800 | D        | HP: 2/58 [poisoned by a black mamba]
  1010 | D        | Learned a level 4 spell: Sticky Flame
  1025 | D        | Noticed a red devil
  1350 | D        | Killed a red devil
  1463 | D        | Received a gift from Sif Muna
  1464 | D        | Got Asmodeus's Elucidation of Forces {god gift}
  1472 | D        | Learned a level 6 spell: Starburst
  1480 | D        | Learned a level 7 spell: Orb of Destruction
  1494 | D        | Reached XP level 10. HP: 55/65 MP: 12/25
  1497 | D        | Reached skill level 1 in Alchemy
  1500 | D        | Killed a shadow wraith
  1501 | D        | Reached skill level 5 in Fighting
  1501 | D        | Reached skill level 12 in Conjurations
  1501 | D        | Reached skill level 5 in Hexes
  1655 | D        | Noticed a deep troll
  1663 | D        | Received a gift from Sif Muna
  1667 | D        | Killed a deep troll
  1668 | D        | Got Sif Muna's Lessons on Decalescent Evil Words {god gift}
  1833 | D        | Learned a level 5 spell: Fireball
  1847 | D        | Noticed a guardian serpent
  1847 | D        | Noticed a boulder beetle
  1852 | D        | Noticed a fire crab
  1869 | D        | Noticed a sea snake
  1872 | D        | Engulfed by a fire crab's flame

Illustrated notes

Levels and vault maps discovered:
D:        pitsprint [storerooms_1, entrance_room_1, metal_vault_2, armoury_2,
          mini_pit_1, grid_room_1, main_hall_1, silver_pit, the_coven_1,
          the_vestibule_1, steel_vault_2, golden_pit, hallway_of_sentries,
          crystal_vault_6, iron_vault_1, final_vault]

Skill      XL: |  1  2  3  4  5  6  7  8  9 10 |
---------------+-------------------------------+-----
Dodging        | 4 5 6 7 8 9 |  9.2
Spellcasting   | 6 8 9 10 11 | 11.8
Conjurations   | 6 7 9 10 11 12 | 12.7
Fire Magic     | 5 6 7 8 9 |  9.4
Fighting       | 1 3 4 5 |  5.9
Long Blades    | 1 3 |  3.1
Hexes          | 1 3 4 5 |  5.0
Invocations    | 1 3 6 8 |  8.2
Staves         | 3 4 |  4.6
Alchemy        | 3 |  3.4
Stealth        | |  2.6

Action                     |  1- 3 |  4- 6 |  7- 9 | 10-12 || total
---------------------------+-------+-------+-------+-------++-------
  Melee: Unarmed           |    10 |       |       |       ||    10
         Tentacles         |     3 |     2 |     1 |       ||     6
         Constrict         |     1 |     1 |     2 |     1 ||     5
         Falchion          |       |     7 |       |       ||     7
         Quarterstaff      |       |       |     9 |     1 ||    10
   Cast: Foxfire           |     3 |     9 |     8 |     1 ||    21
         Scorch            |       |     9 |    12 |     5 ||    26
         Inner Flame       |       |     2 |     7 |     3 ||    12
         Flame Wave        |       |     1 |     4 |     4 ||     9
         Starburst         |       |       |       |     3 ||     3
         Sticky Flame      |       |       |       |     1 ||     1
  Evoke: Wand              |       |       |     1 |     1 ||     2
    Use: Potion            |       |       |     3 |     1 ||     4
         Scroll            |       |       |       |     2 ||     2
   Stab: Sleeping          |       |     2 |       |       ||     2
 Armour: Skin              |       |     4 |    12 |    14 ||    30
  Dodge: Dodged            |       |     6 |    19 |    12 ||    37

Table legend: (Time is in decaauts)
 A = Elapsed time spent in this place.
 B = Non-inter-level travel time spent in this place.
 C = Inter-level travel time spent in this place.
 D = Time resting spent in this place.
 E = Time spent auto-exploring this place.
 F = Levels seen in this place.
 G = Mean time per level.
                   A        B        C        D        E       F      G
               +--------+--------+--------+--------+--------+-----+--------+
         Total |   1863 |   1863 |      0 |   1198 |      0 |   1 | 1863.0 |
       Dungeon |   1863 |   1863 |      0 |   1198 |      0 |   1 | 1863.0 |
               +--------+--------+--------+--------+--------+-----+--------+

Top non-repeatable levels by time:
       D: 1863 daAuts
